 Dungeon Crawl Stone Soup version 0.31-a0-177-g4aa6249778 (webtiles) character file.

Game seed: 2650462619208139994

131 qw the Chopper (level 5, 0/32 HPs)
             Began as a Gargoyle Fighter on June 18, 2023.
             Slain by a gnoll
             ... wielding a +0 club
              (4 damage)
             ... on level 3 of the Dungeon.
             The game lasted 00:01:18 (2596 turns).

qw the Chopper (Gargoyle Fighter)                   Turns: 2596, Time: 00:01:18

Health: 0/32       AC: 10    Str: 22    XL:     5   Next: 14%
Magic:  5/5        EV:  9    Int:  8    God:
Gold:   209        SH:  4    Dex:  9    Spells: 4/4 levels left

rFire   . . .        Y - +0 war axe
rCold   . . .        c - +0 buckler
rNeg    + . .        b - +0 scale mail
rPois   inf          (no helmet)
rElec   +            (no cloak)
rCorr   .            (no gloves)
SInv    .            (no boots)
Will    .....        (no amulet) Stlth
                     (no ring)
HPRegen 0.25/turn    (no ring)
MPRegen 0.09/turn

%: no passive effects
@: about to teleport
A: sickness immunity, AC +4, negative energy resistance 1, electricity
resistance, torment resistance 1, petrification resistance
a: no special abilities


You were on level 3 of the Dungeon.
You visited 1 branch of the dungeon, and saw 3 of its levels.

You collected 209 gold pieces.


Innate Abilities, Weirdness & Mutations

You are immune to sickness and miasma.
Your stone body is resilient. (AC +4)
You are immune to poison.
You resist negative energy. (rN+)
You are resistant to electric shocks. (rElec)
You are resistant to unholy torment.
You are immune to petrification.


   Skills:
 - Level 3.2 Fighting
 + Level 4.7 Axes
 - Level 3.2 Armour
 - Level 3.2 Shields


You had 4 spell levels left.
You didn't know any spells.
Your spell library was empty.

Inventory:

Hand Weapons
 g - a +0 flail
 Y - a +0 war axe (weapon)
Armour
 b - a +0 scale mail (worn)
 c - a +0 buckler (worn)
 i - a +0 chain mail
Jewellery
 e - a ring of protection from cold
Scrolls
 a - a scroll of blinking {unknown}
 f - a scroll of identify {unknown}
Potions
 d - 2 potions of might

Dungeon Overview and Level Annotations

Branches:
Dungeon (3/15)

Altars:
Dithmenos
Wu Jian
Yredelemnul


Message History

The gnoll hits you but does no damage. The worm bites you but does no damage.
You slash the worm!
You kill the worm!
A gnoll comes into view. It is wielding a +0 halberd.
The gnoll barely misses you.
2588 ||| Stepping ~*~*~tactically~*~*~ (hiding).
Enter note:
Enter note:
Enter note:
Enter note:
Enter note:
Enter note: You start waiting.
A gnoll is nearby!
A gnoll comes into view. It is wielding a +0 whip.
The gnoll shouts!
The gnoll hits you with a +0 halberd.
You barely miss the gnoll. The gnoll hits you but does no damage.
The gnoll hits you with a +0 halberd! The gnoll hits you but does no damage.
You completely miss the gnoll. You slash the gnoll!
The gnoll hits you from afar with a +0 halberd.
The gnoll hits you but does no damage. The gnoll hits you with a +0 halberd.
You hit the gnoll.
You kill the gnoll!
You barely miss the gnoll.
The gnoll hits you but does no damage. x2
You hit the gnoll but do no damage. You block the gnoll's attack.
The gnoll misses you.
The gnoll hits you from afar with a +0 halberd.
The gnoll hits you but does no damage.
2595 ||| READING scroll of teleportation.
As you read the scroll of teleportation, it crumbles to dust.
You feel strangely unstable.
The gnoll hits you but does no damage. x2; The gnoll hits you with a +0 club.
You hit the gnoll.
The gnoll is lightly wounded.
You barely miss the gnoll. You block the gnoll's attack.
The gnoll hits you with a +0 club.
You die...

### #.###.. #
##.¤¤P.######..#
#.¤.¤¤¤##......#
##.¤¤P¤¤##@###.##
##.....P...ggg..#
##........>......#
#.........##.#......
+.........'.........
#.........####....##
#................#
##.....#########.#
##...## .#


You could see 3 gnolls.

Vanquished Creatures
  An orc priest (D:3)
  A hound zombie (D:3)
  2 gnolls
  An adder (D:2)
  An adder zombie (D:3)
  A worm (D:3)
  A dart slug (D:1)
  2 orcs (D:3)
  3 ball pythons
  4 endoplasms
  2 giant cockroaches
  5 hobgoblins
  9 kobolds
  A ball python zombie (D:3)
  3 bats
  5 frilled lizards
  4 goblins
  A quokka zombie (D:3)
  5 rats
52 creatures vanquished.

Notes
Turn   | Place    | Note
-------+----------+-------------------------------------------
     0 | D:1      | qw the Gargoyle Fighter began the quest for the Orb.
     0 | D:1      | Reached XP level 1. HP: 14/14 MP: 1/1
     0 | D:1      | 0 ||| qw: Version: 0.3-a-7-ge0c9b40
     0 | D:1      | 0 ||| qw: Game counter: 853
     0 | D:1      | 0 ||| qw: Always use a shield: true
     0 | D:1      | 0 ||| qw: God list: Okawaru
     0 | D:1      | 0 ||| qw: Allow faded altars: false
     0 | D:1      | 0 ||| qw: Do Orc after D:15 true
     0 | D:1      | 0 ||| qw: Do second Lair branch before Depths: true
     0 | D:1      | 0 ||| qw: Lair rune preference: random
     0 | D:1      | 0 ||| qw: Plans: Normal, Zot:1-4, Slime:5, God:TSO, Crypt,
                  | Tomb, Abyss, Pan, Hells, Win
     0 | D:1      | 0 ||| PLANNING D:1-11
    24 | D:1      | Reached skill level 2 in Axes
    60 | D:1      | HP: 2/14 [gnoll/+0 whip (5)]
    64 | D:1      | Reached XP level 2. HP: 4/19 MP: 2/2
    82 | D:1      | 82 ||| Stepping ~*~*~tactically~*~*~ (stealth).
   183 | D:1      | 183 ||| Stepping ~*~*~tactically~*~*~ (hiding).
   186 | D:1      | 186 ||| Stepping ~*~*~tactically~*~*~ (hiding).
   187 | D:1      | 187 ||| Stepping ~*~*~tactically~*~*~ (hiding).
   230 | D:1      | Found a faded altar of an unknown god.
   278 | D:1      | Reached skill level 3 in Axes
   442 | D:1      | Reached XP level 3. HP: 22/23 MP: 3/3
   483 | D:1      | 483 ||| Stepping ~*~*~tactically~*~*~ (stealth).
   485 | D:1      | 485 ||| Stepping ~*~*~tactically~*~*~ (stealth).
  1134 | D:2      | 1134 ||| DROPPING +0 whip.
  1314 | D:2      | 1314 ||| FLEEEEING.
  1378 | D:2      | 1378 ||| Stepping ~*~*~tactically~*~*~ (stealth).
  1380 | D:2      | 1380 ||| Stepping ~*~*~tactically~*~*~ (stealth).
  1381 | D:2      | 1381 ||| Stepping ~*~*~tactically~*~*~ (stealth).
  1413 | D:2      | HP: 5/23 [kobold/+1 whip of venom (1)]
  1577 | D:2      | 1577 ||| Stepping ~*~*~tactically~*~*~ (stealth).
  1772 | D:2      | Reached XP level 4. HP: 28/28 MP: 4/4
  1899 | D:2      | 1899 ||| DROPPING ring of wizardry.
  1900 | D:2      | 1900 ||| READING scroll labelled YTANAT QALO.
  1901 | D:2      | 1901 ||| READING scroll labelled RYANKYI GIWI.
  1902 | D:2      | 1902 ||| READING scroll labelled NYEPIO JIOT.
  1905 | D:2      | 1905 ||| READING 3 scrolls labelled AGINOS BARCHI.
  1906 | D:2      | 1906 ||| READING scroll labelled QIPREMP PAMPYT.
  1907 | D:2      | 1907 ||| DROPPING 2 scrolls of immolation.
  2169 | D:3      | Reached skill level 4 in Axes
  2194 | D:3      | Found an ornate altar of the Wu Jian Council.
  2431 | D:3      | 2431 ||| Stepping ~*~*~tactically~*~*~ (stealth).
  2436 | D:3      | 2436 ||| Stepping ~*~*~tactically~*~*~ (hiding).
  2452 | D:3      | Reached XP level 5. HP: 25/32 MP: 5/5
  2534 | D:3      | Found a basalt altar of Yredelemnul.
  2534 | D:3      | Found a shadowy altar of Dithmenos.
  2588 | D:3      | 2588 ||| Stepping ~*~*~tactically~*~*~ (hiding).
  2594 | D:3      | HP: 6/32 [gnoll/+0 halberd (3)]
  2595 | D:3      | 2595 ||| READING scroll of teleportation.
  2596 | D:3      | Slain by a gnoll

Levels and vault maps discovered:
D:1:      psy_arrival_statuary, layout_basic, serial_rivers,
          chequers_serial_rivers_small_a, chequers_serial_rivers_marsh,
          chequers_serial_rivers_micro_c, chequers_serial_rivers_micro_b,
          shapermc_ecumenical_altar_totnotflames, nrook_mini_vaults,
          minivault_11
D:2:      minmay_kobold_bridge, layout_loops_cross
D:3:      cheibrodos_old_hovel, layout_loops_corners,
          gammafunk_temple_overflow_wave, amcnicky_altar_gilded, serial_undead,
          serial_undead_b, serial_undead_b, serial_undead_d, serial_undead_e,
          serial_undead_d, serial_undead_a, serial_undead_d

Skill      XL: |  1  2  3  4 |
---------------+-------------+-----
Axes           | 2 3 4 |  4.7
Fighting       | |  3.2
Armour         | |  3.2
Shields        | |  3.2

Action                     |  1- 3 |  4- 6 || total
---------------------------+-------+-------++-------
  Melee: War axe           |   180 |    57 ||   237
    Use: Scroll            |       |     6 ||     6
 Armour: Scale mail        |    98 |    28 ||   126
  Dodge: Dodged            |    77 |    18 ||    95
  Block: Buckler           |    20 |     9 ||    29

Table legend:
 A = Non-vault XP
 B = Vault XP
 C = Vault XP percentage of total XP
 D = Non-vault monster count
 E = Vault monster count
 F = Vault count percentage of total count
                 A         B        C        D         E       F
            +---------+---------+-------+---------+---------+-------
      Total |     153 |      35 |  18.6 |      43 |       9 |  17.3
            +---------+---------+-------+---------+---------+-------
        D:1 |      43 |       0 |   0.0 |      18 |       0 |   0.0
        D:2 |      37 |       5 |  11.9 |      15 |       4 |  21.1
        D:3 |      73 |      30 |  29.1 |      10 |       5 |  33.3
            +---------+---------+-------+---------+---------+-------
